 Dungeon Crawl Stone Soup version 0.28-a0-1624-g820543e53a (webtiles) character file.

Game seed: 15976794521919591740

4406 sasquatch the Basher (level 10, -6/104 HPs)
             Began as an Ogre Hunter on Jan 23, 2022.
             Mangled by a komodo dragon (22 damage)
             ... on level 8 of the Dungeon.
             The game lasted 00:20:58 (13409 turns).

sasquatch the Basher (Ogre Hunter)                 Turns: 13409, Time: 00:20:58

Health: -6/104     AC:  4    Str: 22    XL:     10   Next: 35%
Magic:  10/10      EV: 10    Int: 12    God:
Gold:   343        SH:  0    Dex:  9    Spells: 9/9 levels left

rFire   + . .      SeeInvis .   b - +2 whip (venom)
rCold   . . .      Faith    .   (no shield)
rNeg    . . .      Spirit   .   h - +0 robe
rPois   .          Reflect  .   (helmet restricted)
rElec   .          Harm     .   v - +0 cloak
rCorr   .          Rampage  .   (gloves unavailable)
Will    ++...                   (boots unavailable)
Stlth   +.........              e - amulet of the acrobat
HPRegen 0.27/turn               p - ring of protection from fire
MPRegen 0.12/turn               g - ring of willpower

@: no status effects
A: large, unfitting armour, tough skin 1
a: no special abilities


You were on level 8 of the Dungeon.
You visited 1 branch of the dungeon, and saw 8 of its levels.
You also visited: Sewer, Ossuary and Bailey.

You collected 367 gold pieces.
You spent 24 gold pieces at shops.

Inventory:

Hand Weapons
 a - a +3 dire flail of protection
 b - a +2 whip of venom (weapon)
 j - a +0 giant club
 l - a +2 dagger of draining
 n - a +2 dagger of venom
 w - a +0 mace
Missiles
 d - 2 throwing nets (quivered)
 q - 6 javelins
 t - 8 poisoned darts
 x - 9 boomerangs
 A - 2 atropa-tipped darts
Armour
 h - a +0 robe (worn)
 v - a +0 cloak (worn)
Magical Staves
 J - a staff of fire
Jewellery
 e - an amulet of the acrobat (around neck)
 g - a ring of willpower (right hand)
 p - a ring of protection from fire (left hand)
 s - a +6 ring of dexterity
 M - an amulet of faith
Wands
 u - a wand of flame (15)
 y - a wand of mindburst (9)
 K - a wand of polymorph (9)
Scrolls
 f - 3 scrolls of teleportation
 k - a scroll of blinking
 E - 2 scrolls of fear {unknown}
 H - a scroll of holy word
 L - a scroll of enchant weapon {unknown}
Potions
 i - 6 potions of curing
 m - 2 potions of heal wounds
 o - 2 potions of lignification {unknown}
 r - a potion of mutation {unknown}
 z - a potion of invisibility
 B - a potion of degeneration {unknown}
 C - 4 potions of brilliance {unknown}
 D - a potion of cancellation {unknown}
 F - 4 potions of flight
 I - a potion of magic {unknown}


   Skills:
 - Level 8.0 Fighting
 - Level 0.2 Short Blades
 * Level 12.3 Maces & Flails
 - Level 4.0 Throwing
 - Level 2.1 Dodging
 - Level 0.6 Stealth


You had 9 spell levels left.
You didn't know any spells.
Your spell library contained the following spells:

 Spells                   Type           Power      Damage    Failure   Level
 Animate Skeleton         Necr           0%         N/A       32%         1
 Apportation              Tloc           0%         N/A       32%         1
 Pain                     Necr           0%         1d4       32%         1
 Sandblast                Erth           0%         2d4       32%         1
 Summon Small Mammal      Summ           0%         N/A       32%         1
 Corpse Rot               Necr/Air       0%         N/A       45%         2
 Passwall                 Tmut/Erth      0%         N/A       45%         2
 Poisonous Vapours        Pois/Air       0%         N/A       45%         2
 Stone Arrow              Conj/Erth      0%         3d7       69%         3
 Vampiric Draining        Necr           0%         2d6       69%         3


Dungeon Overview and Level Annotations

Branches:
Dungeon (9/15)              Sewer (visited)         Ossuary (visited)
 Bailey (visited)
 Temple: D:4-7         Lair: D:8-11         Orc: D:9-12

Altars:
Gozag
Hepliaklqana
Kikubaaqudgha
Xom
Zin
The Shining One

Shops:
D:1 ?   D:2 [   D:4 (   D:6 ?

Annotations:
D:3 1 transporter, murtidash's ghost, amateur DjCA


Innate Abilities, Weirdness & Mutations

You are too large for most types of armour.
You have tough skin. (AC +1)


Message History

Aiming: Polymorph
Press: ? - help, Shift-Dir - straight line, f/p - komodo dragon
Aim: a komodo dragon (lightly wounded, entangled in a net, will become a cane toad, an acid dragon, or a swamp worm, chance to affect: 31%)
The komodo dragon easily resists.
Unknown command.
Aiming: Polymorph
Press: ? - help, Shift-Dir - straight line, f/p - komodo dragon
Aim: a komodo dragon (lightly wounded, entangled in a net, will become a cane toad, an acid dragon, or a swamp worm, chance to affect: 31%)
The komodo dragon easily resists.
The komodo dragon struggles against the net. x2
You whack the komodo dragon!
The komodo dragon is poisoned.
The komodo dragon is moderately wounded.
You hit the komodo dragon.
The komodo dragon looks as sick as possible!
The komodo dragon is heavily wounded.
The komodo dragon struggles against the net.
You hit the komodo dragon.
The komodo dragon looks as sick as possible!
The komodo dragon is heavily wounded.
You hit the komodo dragon but do no damage.
The komodo dragon looks as sick as possible!
You punch the komodo dragon, but do no damage.
The komodo dragon is severely wounded.
The komodo dragon struggles against the net.
The net rips apart, and the komodo dragon comes free!
You hit the komodo dragon but do no damage.
The komodo dragon looks as sick as possible!
The komodo dragon is severely wounded.
You hit the komodo dragon but do no damage.
Your punch misses the komodo dragon.
The komodo dragon is severely wounded.
The komodo dragon completely misses you.
You hit the komodo dragon but do no damage.
The komodo dragon looks as sick as possible!
The komodo dragon is severely wounded.
You hit the komodo dragon.
The komodo dragon looks as sick as possible!
The komodo dragon is almost dead.
The komodo dragon bites you!!
You die...

######
##########....#
#.............#
#..≈≈≈≈≈≈≈≈≈..#
#..≈≈≈≈≈≈≈≈≈..#
#..≈##)))##≈..#
#.. #.....#≈).#
#@l..>#≈..#
#######≈....
≈≈.### .....
###.# #.#


You could see a komodo dragon (extremely poisoned).

Vanquished Creatures
  4 yaks (D:9)
  Eustachio (D:5)
  A vampire mosquito (D:8)
  Edmund (D:5)
  7 orc warriors (Bailey)
  A sky beast (D:6)
  2 ogres
  A necrophage (D:5)
  A centaur (D:8)
  6 kobold brigands (Sewer)
  2 elf zombies (Ossuary)
  2 gnoll sergeants
  A scorpion (D:5)
  A wyvern zombie (D:6)
  7 wights
  2 bullfrog zombies (D:5)
  A jelly (D:6)
  8 centaur zombies
  A gnoll shaman (D:6)
  A human zombie (D:5)
  3 orc priests
  Crazy Yiuf (D:2)
  2 hounds
  Ijyb (D:4)
  2 iguanas
  2 scorpion zombies (D:5)
  A killer bee zombie (D:8)
  5 hound zombies
  4 mummies
  A howler monkey zombie (D:5)
  16 gnolls
  7 adders
  A river rat (Sewer)
  A white imp (D:5)
  2 adder zombies (Ossuary)
  11 worms
  A dart slug (D:2)
  22 orcs
  6 bats
  11 endoplasms
  10 giant cockroaches
  6 hobgoblins
  3 jackals (D:2)
  19 kobolds
  8 quokkas
  9 ball pythons
  3 frilled lizards
  A gnoll zombie (Ossuary)
  8 goblins
  4 goblin zombies (Ossuary)
  4 hobgoblin zombies (Ossuary)
  5 jackal zombies (Ossuary)
  8 kobold zombies (Ossuary)
  An orc zombie (Ossuary)
  3 rats
  2 rat zombies (Ossuary)
245 creatures vanquished.

Vanquished Creatures (others)
  A bullfrog skeleton (D:6)
  A killer bee zombie (D:6)
2 creatures vanquished.

Grand Total: 247 creatures vanquished

Notes
Turn   | Place    | Note
-------+----------+-------------------------------------------
     0 | D:1      | sasquatch the Ogre Hunter began the quest for the Orb.
     0 | D:1      | Reached XP level 1. HP: 22/22 MP: 1/1
   335 | D:1      | Reached XP level 2. HP: 28/31 MP: 2/2
   513 | D:1      | Found a faded altar of an unknown god.
   764 | D:1      | Found Tiniz's Magic Scroll Shop.
   768 | D:1      | Bought a scroll of identify for 24 gold pieces
  1066 | D:2      | Reached skill level 1 in Maces & Flails
  1083 | D:2      | Reached XP level 3. HP: 24/36 MP: 3/3
  1484 | D:2      | Found a glowing silver altar of Zin.
  1627 | D:2      | Found Ocrek's Armour Shop.
  1885 | D:2      | Reached skill level 2 in Maces & Flails
  1885 | D:2      | Reached XP level 4. HP: 35/48 MP: 4/4
  2315 | D:2      | Found a runed translucent door.
  2316 | D:2      | Noticed Crazy Yiuf
  2454 | D:2      | Killed Crazy Yiuf
  3108 | D:3      | Reached skill level 3 in Maces & Flails
  3108 | D:3      | Reached XP level 5. HP: 11/55 MP: 5/5
  3495 | D:3      | Found a transporter.
  3496 | D:3      | Noticed murtidash's ghost (amateur DjCA)
  3655 | D:4      | Noticed an ogre
  3752 | D:4      | Found Lolussi's Weapon Shoppe.
  4248 | D:4      | Killed an ogre
  4249 | D:4      | Reached skill level 5 in Fighting
  4249 | D:4      | Reached skill level 4 in Maces & Flails
  4249 | D:4      | Reached XP level 6. HP: 52/66 MP: 6/6
  4310 | D:4      | Noticed Ijyb
  4674 | D:4      | Found a glowing golden altar of the Shining One.
  4744 | D:4      | Killed Ijyb
  4940 | D:4      | Found a hazy altar of Hepliaklqana.
  5403 | D:4      | Reached XP level 7. HP: 49/74 MP: 7/7
  5617 | D:4      | Reached skill level 5 in Maces & Flails
  6016 | D:4      | Found a shimmering altar of Xom.
  6078 | D:4      | Found an opulent altar of Gozag.
  6137 | D:5      | Entered Level 5 of the Dungeon
  6143 | D:5      | Identified a scroll of acquirement
  6143 | D:5      | Acquired a ring of willpower
  6344 | D:5      | Found a sand-covered staircase.
  6424 | Ossuary  | Entered an ossuary
  7462 | Ossuary  | Reached skill level 6 in Maces & Flails
  7622 | Ossuary  | Reached XP level 8. HP: 58/87 MP: 8/8
  7824 | D:5      | Noticed Eustachio
  7829 | D:5      | Killed Eustachio
  7830 | D:5      | Noticed Edmund
  7856 | D:5      | Killed Edmund
  7864 | D:5      | Reached skill level 7 in Maces & Flails
  8296 | D:5      | HP: 2/88 [ogre (16)]
  8790 | D:5      | Found an ancient bone altar of Kikubaaqudgha.
  8797 | D:5      | Reached skill level 8 in Maces & Flails
  8890 | D:5      | Reached XP level 9. HP: 90/96 MP: 9/9
  9433 | D:6      | Found Piarrif's Magic Scroll Shop.
  9681 | D:6      | Reached skill level 9 in Maces & Flails
  9702 | D:6      | Found a glowing drain.
  9750 | Sewer    | Entered a sewer
 10498 | Sewer    | Reached skill level 10 in Maces & Flails
 12250 | D:6      | You fall into a shaft and drop 3 floors!
 12288 | D:9      | Reached skill level 11 in Maces & Flails
 12299 | D:9      | Reached XP level 10. HP: 67/104 MP: 10/10
 12859 | D:8      | Found a flagged portal.
 12949 | Bailey   | Entered a bailey
 12988 | Bailey   | Noticed an orc knight
 13046 | Bailey   | Reached skill level 12 in Maces & Flails
 13399 | D:8      | an orc knight changed into a komodo dragon
 13409 | D:8      | Mangled by a komodo dragon

Illustrated notes

Levels and vault maps discovered:
D:1:      dpeg_arrival_court, layout_loops_ring,
          dreamdust_ecumenical_altar_statues, serial_shops, nicolae_shop_trees
D:2:      layout_basic, serial_glass, glass_columns_a, glass_columns_a,
          serial_shops, nicolae_shop_hallway_stairs, basic_altar,
          minmay_tromino_v4_a, uniq_crazy_yiuf_cottage
D:3:      layout_loops_ring, gammafunk_ghost_mausoleum, hangedman_decor_points
D:4:      layout_cave_pools, minitemple, mainiacjoe_overflow_24_doors,
          serial_shops, nicolae_shop_stone, uniq_ijyb
D:5:      layout_basic, lemuel_mausoleum_altar_kikubaaqudgha,
          chequers_ossuary_entry_cave, uniq_eustachio, uniq_edmund
D:6:      layout_basic, serial_undead, serial_undead_d, serial_undead_e,
          serial_undead_e, serial_undead_a, portal_sewer_entry_f, serial_shops,
          nicolae_shop_stone, minmay_misc_feat_enclosed, st_stairs_14,
          lemuel_flame_loot_1
D:8:      layout_rooms, old_standard_altar, enter_bailey_4, grunt_ogre_cave
D:9:      layout_roguey

Skill      XL: |  1  2  3  4  5  6  7  8  9 10 |
---------------+-------------------------------+-----
Dodging        | 2 |  2.1
Fighting       | 3 4 5 7 8 |  8.0
Maces & Flails | 1 2 3 4 6 8 11 12 | 12.3
Short Blades   | |  0.2
Throwing       | |  4.0
Stealth        | |  0.6

Action                   |  1- 3 |  4- 6 |  7- 9 | 10-12 || total
-------------------------+-------+-------+-------+-------++-------
Melee: Short sword       |    30 |       |       |       ||    30
       Dagger            |    69 |   165 |    38 |       ||   272
       Club              |    11 |       |       |       ||    11
       Punch             |     1 |     3 |     8 |     3 ||    15
       Mace              |       |       |   233 |       ||   233
       Dire flail        |       |       |   161 |    25 ||   186
       Whip              |       |       |   179 |    88 ||   267
Throw: Large rock        |       |     9 |    11 |     3 ||    23
       Dart              |       |     6 |     4 |    39 ||    49
       Throwing net      |       |       |     3 |     1 ||     4
Evoke: Wand              |       |     1 |       |     3 ||     4
  Use: Scroll            |     1 |       |     9 |     3 ||    13
 Stab: Sleeping          |     1 |       |     3 |       ||     4
Armor: Robe              |    35 |    37 |   165 |    19 ||   256
Dodge: Dodged            |    76 |   122 |   342 |    61 ||   601

Table legend: (Time is in decaauts)
 A = Elapsed time spent in this place.
 B = Non-inter-level travel time spent in this place.
 C = Inter-level travel time spent in this place.
 D = Time resting spent in this place.
 E = Time spent auto-exploring this place.
 F = Levels seen in this place.
 G = Mean time per level.
                   A        B        C        D        E       F      G
               +--------+--------+--------+--------+--------+-----+--------+
         Total |  13491 |  13153 |    338 |   2964 |   7798 |  11 | 1226.5 |
       Dungeon |  10574 |  10236 |    338 |   2245 |   6412 |   8 | 1321.8 |
         Sewer |   1094 |   1094 |      0 |     26 |    828 |   1 | 1094.0 |
       Ossuary |   1408 |   1408 |      0 |    535 |    495 |   1 | 1408.0 |
        Bailey |    413 |    413 |      0 |    157 |     63 |   1 |  413.0 |
               +--------+--------+--------+--------+--------+-----+--------+

Top non-repeatable levels by time:
     D:5: 2270 daAuts
     D:2: 1803 daAuts
     D:4: 1758 daAuts
     D:3: 1539 daAuts
     D:6: 1463 daAuts
 Ossuary: 1408 daAuts
   Sewer: 1094 daAuts
     D:1: 1049 daAuts
  Bailey: 413 daAuts
     D:8: 366 daAuts
     D:9: 324 daAuts
